 Dungeon Crawl Stone Soup version 0.30-a0-939-gc8157cb160 (webtiles) character file.

Game seed: 8901193107562209475

53137 tilp the Covert (level 13, -2/120 (121) HPs)
             Began as a Naga Venom Mage on Mar 24, 2023.
             Was a High Priest of Ru.
             Killed by divine providence
             ... invoked by an orc priest
              (14 damage)
             ... on level 2 of the Orcish Mines on Mar 25, 2023.
             The game lasted 01:12:48 (24652 turns).

tilp the Covert (Naga Venom Mage)                  Turns: 24652, Time: 01:12:49

HP:   -2/120 (121)  AC: 13    Str: 11    XL:     13   Next: 67%
MP:   9/24          EV: 12    Int: 21    God:    Ru [*****.]
Gold: 865           SH:  0    Dex: 11    Spells: 10/27 levels left

rFire   + . .      SeeInvis +      - Unarmed
rCold   + . .      Faith    .    (shield unavailable)
rNeg    . . .      Spirit   .    B - +2 robe {rC+ rF+}
rPois   +          Reflect  .    d - +1 helmet
rElec   .          Rampage  .    s - +1 cloak
rCorr   +                        w - +0 pair of gloves
Will    +....                    (no barding)
Stlth   ++                       k - amulet of regeneration
HPRegen 1.20/turn                (ring unavailable)
MPRegen 0.19/turn                C - ring of resist corrosion

@: confused, ambrosia-drunk, lightly drained, very slow
A: AC +4, large, see invisible, deformed body, poison resistance, slowness 2,
spit poison 1, missing a hand, unskilled 1, inexperienced 1, naga tail 2
a: Spit Poison, Renounce Religion, Draw Out Power, Power Leap, Apocalypse


You were on level 2 of the Orcish Mines.
You worshipped Ru.
Ru was extremely pleased with you.
You visited 4 branches of the dungeon, and saw 19 of its levels.

You collected 1429 gold pieces.
You spent 564 gold pieces at shops.

Inventory:

Armour
 a - the +2 cloak of Xodeomung {Harm MP+9 Str+2 Int+4 Dex+5}
   (You found it on level 5 of the Lair of Beasts)

   Str:       It affects your strength (+2).
   Int:       It affects your intelligence (+4).
   Dex:       It affects your dexterity (+5).
   MP:        It affects your magic capacity (+9).
   Harm:      It increases damage dealt and taken.
 d - a +1 helmet (worn)
 s - a +1 cloak (worn)
 w - a +0 pair of gloves (worn)
 B - a +2 robe of resistance (worn)
Magical Staves
 c - a staff of conjuration
Jewellery
 k - an amulet of regeneration (around neck)
 q - a +6 ring of dexterity
 r - an amulet of faith
 C - a ring of resist corrosion (right hand)
Wands
 b - a wand of roots (3)
 h - a wand of light (3)
 t - a wand of flame (8)
 v - a wand of polymorph (11)
 H - a wand of digging (5)
Scrolls
 f - 6 scrolls of vulnerability
 o - 3 scrolls of fog
 p - a scroll of enchant weapon
 y - 6 scrolls of teleportation
 A - a scroll of torment
 E - a scroll of blinking
 I - a scroll of amnesia
Potions
 e - 4 potions of haste
 g - 5 potions of attraction
 i - 7 potions of lignification
 j - 2 potions of flight
 l - 4 potions of mutation
 m - a potion of invisibility
 n - 5 potions of curing
 u - 2 potions of ambrosia
 F - a potion of berserk rage
 G - 2 potions of cancellation
 J - a potion of might
Miscellaneous
 x - a lightning rod (4/4)
 z - a condenser vane
 D - a tin of tremorstones (2/2)


   Skills:
 + Level 9.2 Fighting
 + Level 5.3 Armour
 + Level 6.7 Dodging
 + Level 11.3 Stealth
 + Level 7.0 Unarmed Combat
 + Level 7.6 Spellcasting
 + Level 7.2 Conjurations
 - Level 0.8 Transmutations
 + Level 7.1 Ice Magic
 + Level 9.3 Poison Magic
 + Level 7.4 Evocations


You had 10 spell levels left.
You knew the following spells:

 Your Spells              Type           Power      Damage    Failure   Level
a - Sting                 Tmut/Pois      100%       1d8       1%          1
b - Poisonous Vapours     Pois/Air       54%        N/A       1%          2
c - Mephitic Cloud        Conj/Pois/Air  31%        N/A       2%          3
d - Freeze                Ice            100%       1d10      1%          1
e - Olgreb's Toxic Radia  Pois           47%        N/A       1%          4
f - Frozen Ramparts       Ice            76%        1d12      1%          3
g - Hailstorm             Conj/Ice       38%        3d9       1%          3

Your spell library contained the following spells:

 Spells                   Type           Power      Damage    Failure   Level
 Foxfire                  Conj/Fire      92%        2x1d8     1%          1
 Cigotuvi's Dreadful Rot  Necr/Pois/Air  42%        N/A       3%          2
 Ignite Poison            Fire/Tmut/Pois 22%        N/A       6%          3
 Apportation              Tloc           16%        N/A       9%          1
 Sticky Flame             Conj/Fire      23%        2d4       19%         4
 Portal Projectile        Hex/Tloc       16%        N/A       24%         3
 Tukima's Dance           Hex            8%         N/A       24%         3
 Alistair's Intoxication  Tmut/Pois      19%        N/A       28%         5
 Fireball                 Conj/Fire      11%        3d7       45%         5
 Manifold Assault         Tloc           8%         N/A       63%         4
 Blade Hands              Tmut           5%         N/A       85%         5
 Starburst                Conj/Fire      11%        6d5       96%         6
 Dispersal                Tloc           4%         N/A       100%        6
 Disjunction              Tloc           4%         N/A       100%        8
 Ignition                 Fire           4%         3d4       100%        8


Dungeon Overview and Level Annotations

Branches:
Dungeon (11/15)            Temple (1/1) D:7            Lair (5/5) D:10
  Swamp (0/4) Lair:3        Snake (0/4) Lair:3        Slime (0/5) Lair:4
    Orc (2/2) D:10            Elf (0/3) Orc:2

Altars:
Ashenzari
Cheibriados
Dithmenos
Elyvilon
Fedhas
Gozag
Hepliaklqana
Kikubaaqudgha
Makhleb
Nemelex Xobeh
Okawaru
Qazlal
Ru
Sif Muna
Trog
Uskayaw
Vehumet
Wu Jian
Xom
Yredelemnul
Zin
The Shining One
Lugonu

Shops:
D:2 (   D:3 (?*(   D:7 (

Portals:
Abyss: Lair:5

Annotations:
Lair:3 exclusion: oklob plant
Lair:4 2 transporters, xight's ghost, journeyman DEFE


Innate Abilities, Weirdness & Mutations

Your serpentine skin is tough. (AC +4)
You have supernaturally acute eyesight. (SInv)
Armour fits poorly on your strangely shaped body.
Your system is resistant to poisons. (rPois)
You cover ground very slowly.
You can spit poison.
You are missing a hand.
You are somewhat unskilled. (-1 Apt)
You are somewhat inexperienced. (-1 XL)
You can use your snake-like lower body to constrict enemies.


Message History

You constrict the orc high priest.
The wall freezes the orc high priest.
The orc high priest mumbles some strange prayers to Beogh against you.
Beogh smites you!
* * * LOW HITPOINT WARNING * * *
The wall freezes the orc high priest but does no damage.
The orc high priest is stunned by your conviction and fails to attack.
You hear a shout!
You punch the orc high priest!
The orc high priest is severely wounded.
The frozen ramparts melt away.
You constrict the orc high priest.
You hear a shout! x3
The orc high priest is stunned by your conviction and fails to attack.
An orc priest comes into view. It is wielding a +0 hand axe.
The orc high priest begins to pray, but is stunned by your conviction!
You hear a shout!
You punch the orc high priest!
The orc high priest is lightly wounded.
You constrict the orc high priest.
The orc high priest mumbles some strange prayers to Beogh against you.
Pain shoots through your body!
* * * LOW HITPOINT WARNING * * *
The orc high priest calls down the wrath of Beogh upon you.
You easily resist.
You are confused.
You feel invigorated.
You constrict the orc high priest. The orc high priest misses you.
The orc warrior closely misses you.
You redirect the orc priest's attack!
The orc high priest invokes the aid of Beogh against you.
Pain shoots through your body!
* * * LOW HITPOINT WARNING * * *
Unknown command.
Unknown command.
Unknown command.
You constrict the orc high priest.
The orc high priest hits you with a +0 battleaxe.
* * * LOW HITPOINT WARNING * * *
The orc warrior closely misses you.
The orc priest invokes the aid of Beogh against you.
Beogh smites you!
You die...

######## ##..#.#.### ##.
#.........#####.. ##
####....#.....#.##.
##.##o##...#..$........
###....o@#..........#.##.
#.....oo##........##.....
......)o#........)#......
....#...ยง.......)#)).....
... ##.......o...##))....
..............o..##..)...
#.####.....o.....)).... ..
#....o3.).....).). .
#.)..3o..)).)..)..


You could see 2 orc high priests, an orc warrior and 2 orc priests.

Vanquished Creatures
  Rupert (Lair:4)
  Josephine (Lair:4)
  An ice dragon (shapeshifter) (Lair:5)
  4 two-headed ogres
  8 death yaks
  A thrashing horror (Lair:5)
  Nergalle (D:11)
  A skyshark (Lair:5)
  2 bog bodies (Lair:3)
  A necromancer (Lair:4)
  4 lindwurms (D:10)
  3 orc knights
  An orc sorcerer (Orc:1)
  2 manticores
  An ugly thing (Lair:5)
  Joseph (D:7)
  2 elephants (Lair:2)
  3 smoke demons (Lair:5)
  3 black mambas
  A gargoyle (D:11)
  A torpor snail (Lair:5)
  7 cane toads
  Maggie (Lair:1)
  3 rime drakes
  A rime drake (shapeshifter) (Lair:5)
  2 kobold demonologists (D:9)
  8 komodo dragons
  2 ancient zymes (Lair:5)
  4 trolls
  5 polar bears
  2 burning bushes (Lair:5)
  A hornet (D:9)
  17 blink frogs
  10 small abominations (Lair:5)
  2 spriggans (Lair:5)
  2 shadows (D:11)
  3 wraiths (Lair:4)
  42 yaks
  2 vampires (D:9)
  2 ynoxinuls (Lair:5)
  2 wyverns
  Grum (D:8)
  2 basilisks (Lair:5)
  A warg (Orc:1)
  A large abomination (Lair:5)
  2 swamp worms (Lair:3)
  Edmund (D:6)
  3 nagas (Lair:3)
  5 water moccasins
  An acid dragon (D:9)
  4 ice beasts (D:10)
  A meliai simulacrum (D:11)
  9 orc warriors
  18 wolves
  6 ogres
  3 centaurs
  2 phantoms
  Blork the orc (D:6)
  6 kobold brigands
  9 bullfrogs
  4 scorpions
  2 gnoll sergeants
  14 wights
  14 killer bees
  4 howler monkeys (D:9)
  An electric eel (Lair:3)
  Crazy Yiuf (D:6)
  10 jellies
  A gnoll bouda (D:8)
  18 orc priests
  4 sleepcaps
  2 hounds
  3 iguanas
  Natasha (thrice) (D:3)
  19 orc wizards
  15 hell rats
  4 polar bear simulacra (Lair:4)
  Terence (D:2)
  2 wolf simulacra (Lair:4)
  2 yak simulacra (Lair:4)
  15 gnolls
  3 adders
  3 dart slugs
  63 orcs
  9 endoplasms
  A giant cockroach (D:1)
  7 hobgoblins
  4 jackals (D:3)
  30 kobolds
  4 quokkas
  6 ball pythons
  5 bats
  A frilled lizard (D:3)
  13 goblins
  5 rats
  3 river rat simulacra (Lair:4)
533 creatures vanquished.

Vanquished Creatures (others)
  A thrashing horror (Lair:5)
  An orc sorcerer (Orc:2)
  An elephant (Lair:2)
  A large abomination (Lair:5)
  A howler monkey (D:5)
  2 orc priests (Orc:2)
  2 orc wizards
  3 bushes (Lair:5)
  38 fungi
  47 plants
97 creatures vanquished.

Grand Total: 630 creatures vanquished

Notes
Turn   | Place    | Note
-------+----------+-------------------------------------------
     0 | D:1      | tilp the Naga Venom Mage began the quest for the Orb.
     0 | D:1      | Reached XP level 1. HP: 15/15 MP: 3/3
   373 | D:1      | Reached XP level 2. HP: 12/24 MP: 1/5
   517 | D:1      | Reached skill level 1 in Unarmed Combat
   668 | D:1      | Reached skill level 1 in Fighting
   896 | D:1      | Reached XP level 3. HP: 4/31 MP: 2/6
   899 | D:1      | Learned a level 2 spell: Poisonous Vapours
  1248 | D:1      | Found a faded altar of an unknown god.
  1608 | D:2      | Noticed Terence
  1643 | D:2      | Killed Terence
  1644 | D:2      | Reached XP level 4. HP: 28/40 MP: 0/7
  1749 | D:2      | Found Sisihecw's Antique Weapon Shop.
  2391 | D:2      | Learned a level 3 spell: Mephitic Cloud
  2455 | D:3      | Reached skill level 1 in Evocations
  2598 | D:3      | Found Ufefful's Magic Scroll Shop.
  2602 | D:3      | Bought a scroll of vulnerability for 48 gold pieces
  2664 | D:3      | Reached XP level 5. HP: 47/49 MP: 1/8
  2733 | D:3      | Found Poceomoi's General Store.
  2934 | D:3      | Found Leath's Weapon Emporium.
  2966 | D:3      | Noticed Natasha
  2975 | D:3      | Killed Natasha
  3187 | D:3      | Found a radiant altar of Vehumet.
  3234 | D:3      | Noticed Natasha
  3243 | D:3      | Killed Natasha
  3244 | D:3      | Reached XP level 6. HP: 54/57 MP: 2/9
  3387 | D:3      | Found Nuwn's Antique Weapon Boutique.
  3502 | D:3      | Bought a scroll of enchant armour for 75 gold pieces
  3502 | D:3      | Bought a potion of might for 40 gold pieces
  3510 | D:4      | Upgraded the game from 0.30-a0-937-ga0a21ad780 to
                  | 0.30-a0-939-gc8157cb160
  3562 | D:3      | HP: 1/57 [scorpion (5)]
  3585 | D:3      | Noticed Natasha
  3672 | D:3      | Bought a scroll of identify for 24 gold pieces
  3696 | D:3      | Killed Natasha
  3902 | D:4      | Reached skill level 1 in Armour
  3902 | D:4      | Reached XP level 7. HP: 64/64 MP: 2/10
  4059 | D:4      | Found a blossoming altar of Fedhas.
  4060 | D:4      | Found a hazy altar of Hepliaklqana.
  4660 | D:5      | Entered Level 5 of the Dungeon
  4722 | D:5      | Reached skill level 4 in Stealth
  4728 | D:5      | Learned a level 1 spell: Freeze
  5514 | D:5      | Reached XP level 8. HP: 26/73 MP: 9/12
  5656 | D:5      | Reached skill level 1 in Ice Magic
  5656 | D:5      | Reached skill level 5 in Poison Magic
  5951 | D:6      | Noticed Edmund
  5966 | D:6      | Killed Edmund
  5967 | D:6      | Reached skill level 1 in Conjurations
  6188 | D:6      | Reached skill level 5 in Stealth
  6315 | D:6      | You fall into a shaft and drop 3 floors!
  6328 | D:8      | Noticed Grum
  6500 | D:9      | Noticed a hornet
  6507 | D:9      | Killed a hornet
  6508 | D:9      | Reached skill level 5 in Fighting
  6508 | D:9      | Reached XP level 9. HP: 81/81 MP: 2/13
  6648 | D:8      | Killed Grum
  6649 | D:8      | Reached skill level 5 in Unarmed Combat
  6881 | D:7      | Noticed Joseph
  6899 | D:7      | Reached skill level 6 in Stealth
  7007 | D:6      | Found a runed translucent door.
  7008 | D:6      | Noticed Crazy Yiuf
  7063 | D:6      | Noticed Blork the orc
  7077 | D:6      | Killed Blork the orc
  7495 | D:6      | Killed Crazy Yiuf
  7765 | D:6      | Learned a level 4 spell: Olgreb's Toxic Radiance
  7769 | D:6      | Learned a level 3 spell: Frozen Ramparts
  7889 | D:7      | Found Yclyuz's Weapon Shoppe.
  8041 | D:7      | Found a staircase to the Ecumenical Temple.
  8051 | Temple   | Entered the Ecumenical Temple
  8347 | Temple   | Became a worshipper of Ru the Awakened
  8510 | D:7      | Killed Joseph
  8698 | D:7      | Reached skill level 7 in Stealth
  9089 | D:7      | Found a shimmering blue altar of Sif Muna.
  9589 | D:8      | Reached XP level 10. HP: 74/91 MP: 1/14
  9915 | D:8      | Noticed a two-headed ogre
  9934 | D:8      | Killed a two-headed ogre
 10435 | D:9      | Noticed a manticore
 10454 | D:9      | Killed a manticore
 10455 | D:9      | Reached skill level 8 in Stealth
 10818 | D:9      | Noticed a kobold demonologist
 11008 | D:9      | Noticed a two-headed ogre
 11019 | D:9      | Killed a two-headed ogre
 11112 | D:9      | Reached skill level 5 in Evocations
 11461 | D:9      | Reached XP level 11. HP: 97/97 MP: 14/17
 11770 | D:9      | Learned a level 3 spell: Hailstorm
 11792 | D:10     | Entered Level 10 of the Dungeon
 11809 | D:10     | Found a staircase to the Orcish Mines.
 11885 | D:10     | Reached skill level 5 in Spellcasting
 12125 | D:10     | Noticed a lindwurm
 12126 | D:10     | Noticed a lindwurm
 12143 | D:10     | Noticed a lindwurm
 12156 | D:10     | Killed a lindwurm
 12157 | D:10     | Killed a lindwurm
 12209 | D:10     | Killed a lindwurm
 12231 | D:10     | Noticed a lindwurm
 12282 | D:10     | Killed a lindwurm
 12547 | D:10     | Found a staircase to the Lair.
 12608 | D:10     | Noticed a two-headed ogre
 12621 | D:10     | Killed a two-headed ogre
 13430 | D:10     | Gained mutation: You are missing a hand. [Ru sacrifice]
 13430 | D:10     | Reached * piety under Ru
 13430 | D:10     | Reached ** piety under Ru
 13430 | D:10     | Reached *** piety under Ru
 13436 | D:10     | Reached skill level 9 in Stealth
 13475 | D:10     | Found a stormy altar of Qazlal.
 13639 | D:11     | Noticed a two-headed ogre
 13644 | D:11     | Noticed Nergalle
 13649 | D:11     | Killed a two-headed ogre
 13658 | D:11     | Killed Nergalle
 13659 | D:11     | Reached XP level 12. HP: 45/109 MP: 9/20
 13840 | D:11     | Reached skill level 5 in Conjurations
 13840 | D:11     | Reached skill level 5 in Ice Magic
 15177 | Lair:1   | Entered Level 1 of the Lair of Beasts
 15500 | Lair:1   | Reached skill level 5 in Dodging
 15743 | Lair:1   | Gained mutation: You are somewhat inexperienced. (-1 XL)
                  | [Ru sacrifice]
 15743 | Lair:1   | Reached XP level 11. HP: 103/103 MP: 20/20
 15743 | Lair:1   | Reached **** piety under Ru
 16074 | Lair:1   | Noticed Maggie
 16093 | Lair:1   | Killed Maggie
 16094 | Lair:1   | Reached skill level 10 in Stealth
 16656 | Lair:2   | Noticed a death yak
 16656 | Lair:2   | Noticed a death yak
 17103 | Lair:2   | Noticed a death yak
 17103 | Lair:2   | Noticed a death yak
 17116 | Lair:2   | Killed a death yak
 17125 | Lair:2   | Killed a death yak
 17126 | Lair:2   | Reached skill level 10 in Poison Magic
 17149 | Lair:2   | Killed a death yak
 17159 | Lair:2   | Killed a death yak
 17160 | Lair:2   | Reached XP level 12. HP: 31/110 MP: 2/22
 17894 | Lair:3   | Found a staircase to the Snake Pit.
 18396 | Lair:3   | Identified the +0 ring mail of Focuh {Stlth+}
 18745 | Lair:3   | Found a staircase to the Swamp.
 19036 | Lair:4   | Found a transporter.
 19103 | Lair:4   | Noticed Josephine
 19120 | Lair:4   | Killed Josephine
 19121 | Lair:4   | Noticed Rupert
 19131 | Lair:4   | Killed Rupert
 19329 | Lair:4   | Reached skill level 11 in Stealth
 19539 | Lair:4   | Noticed xight's ghost (journeyman DEFE)
 19577 | Lair:4   | Found a transporter.
 19948 | Lair:4   | Identified the -1 cloak "Ivumur" {Dex+5 Stlth-}
 20105 | Lair:4   | Found a staircase to the Slime Pits.
 20364 | Lair:4   | Identified the +1 buckler of Chimes {+Blink MP-9 Slay+5
                  | Stlth+}
 20663 | Lair:5   | Entered Level 5 of the Lair of Beasts
 20803 | Lair:5   | Reached skill level 5 in Armour
 21031 | Lair:4   | Gained mutation: You can use your snake-like lower body to
                  | constrict enemies. [Naga growth]
 21031 | Lair:4   | Reached XP level 13. HP: 73/121 MP: 13/24
 21413 | Lair:5   | Identified the +2 cloak of Xodeomung {Harm MP+9 Str+2 Int+4
                  | Dex+5}
 21710 | Lair:5   | Reached skill level 10 in Fighting
 22485 | Lair:5   | Reached skill level 12 in Stealth
 22570 | Lair:5   | Gained mutation: You are somewhat unskilled. (-1 Apt) [Ru
                  | sacrifice]
 22570 | Lair:5   | Reduced skill Stealth to level 11
 22570 | Lair:5   | Reached ***** piety under Ru
 22781 | Lair:5   | Found a corrupted altar of Lugonu.
 22781 | Lair:5   | Found a one-way gate to the infinite horrors of the Abyss.
 23282 | Lair:5   | Identified the +8 flail of Ageh {heavy, rPois rC- Dex+6}
 23282 | Lair:5   | Identified the +3 buckler of Jach {Harm rElec rPois rN++}
 23739 | D:3      | Bought a scroll of teleportation for 36 gold pieces
 23739 | D:3      | Bought a scroll of teleportation for 36 gold pieces
 23739 | D:3      | Bought a scroll of teleportation for 36 gold pieces
 23739 | D:3      | Bought a scroll of teleportation for 36 gold pieces
 23739 | D:3      | Bought a scroll of vulnerability for 48 gold pieces
 23759 | D:3      | Bought a scroll of torment for 95 gold pieces
 23759 | D:3      | Bought a potion of berserk rage for 50 gold pieces
 23759 | D:3      | Bought a potion of might for 40 gold pieces
 23854 | Orc:1    | Entered Level 1 of the Orcish Mines
 24504 | Orc:2    | Entered Level 2 of the Orcish Mines
 24535 | Orc:2    | Found a staircase to the Elven Halls.
 24652 | Orc:2    | Killed from afar by an orc priest

Illustrated notes

Levels and vault maps discovered:
D:1:      lemuel_arrival_river_bridge, layout_basic,
          hellmonk_ecumenical_altar_slurped_away, minmay_pentomino_w4
D:2:      layout_loops_cross, serial_shops, shop, uniq_terence
D:3:      layout_rooms, fiery_altar_vehumet, serial_shops,
          nicolae_shop_waterfront, nicolae_shop_crystal, shop,
          nicolae_shop_window_shopping, guppyfry_early_orc_mine, uniq_natasha
D:4:      layout_rooms, mainiacjoe_overflow_divided_tiny, serial_forest,
          infiniplex_forest_clump_diagonal, infiniplex_forest_lined_room_2,
          infiniplex_forest_lined_corner, infiniplex_forest_lined_ring,
          infiniplex_forest_lined_3, infiniplex_forest_clump_double
D:5:      layout_loops_corners, feat_on_display
D:6:      layout_gridville, uniq_crazy_yiuf_cottage, uniq_edmund,
          uniq_blork_the_orc
D:7:      layout_rooms, led_sif_pool, minmay_temple_entry_mist, serial_shops,
          nicolae_square_shop, grunt_ministairs_6, uniq_joseph
D:8:      layout_gridville, minmay_hedge_maze, uniq_grum
D:9:      kennysheep_six_static_rooms, layout_small_grid,
          kennysheep_generic_room_16
D:10:     layout_basic, mainiacjoe_overflow_brackets, hellmonk_lair_entry_icy,
          orc_0_dummy, minmay_lindwurm_lava
D:11:     layout_stronghold, serial_column_ruins, column_ruins_hut_ruined,
          column_ruins_square_huge, column_ruins_grid_1, column_ruins_grid_1,
          column_ruins_grid_4, column_ruins_corridor_straight,
          column_ruins_grid_2, uniq_nergalle
Temple:   minmay_temple_bridge_d
Lair:1:   layout_regular_city, serial_bayou_shore_b, uniq_maggie
Lair:2:   layout_chaotic_city, serial_bayou_shore_b
Lair:3:   minmay_lair_oklob_tunnel, layout_big_grid,
          nicolae_swamp_entry_splash_gauntlet, guppyfry_snake_entry_island
Lair:4:   layout_cave_pods, nicolae_slime_entry_field_trip,
          gammafunk_ghost_hive, eino_house_with_fridge, grunt_megastairs_4,
          uniq_josephine, uniq_rupert
Lair:5:   hellmonk_lair_end_abyssal_woods, layout_regular_city,
          chequers_serial_rivers_small_a, evilmike_ambush
          [evilmike_ambush_outer_basic, evilmike_ambush_inner_basic],
          grunt_megastairs_5
Orc:1:    layout_caves, nicolae_orc_lava_tube
Orc:2:    st_orc_mages, layout_diamond_mine, basic_altar,
          nicolae_volcano_entry_hallway, mines1_david

Skill      XL: |  1  2  3  4  5  6  7  8  9 10 11 12 13 |
---------------+----------------------------------------+-----
Unarmed Combat | 1 2 3 4 6 7 7 |  7.0
Fighting       | 1 2 3 4 5 6 8 9 9 |  9.2
Dodging        | 2 3 4 6 6 |  6.7
Evocations     | 1 2 3 4 5 6 8 7 |  7.4
Armour         | 1 2 3 4 5 |  5.3
Stealth        | 4 5 7 8 10 11 11 | 11.3
Ice Magic      | 2 3 6 7 7 |  7.1
Poison Magic   | 5 6 7 10 9 9 |  9.3
Spellcasting   | 3 4 5 7 7 |  7.6
Conjurations   | 2 3 6 7 7 |  7.2
Transmutations | 0 |  0.8

Action                     |  1- 3 |  4- 6 |  7- 9 | 10-12 | 13-15 || total
---------------------------+-------+-------+-------+-------+-------++-------
  Melee: Unarmed           |    53 |   151 |   275 |   807 |   266 ||  1552
         Punch             |     1 |     1 |    11 |    12 |       ||    25
         Constrict         |       |       |       |       |    56 ||    56
   Cast: Sting             |    50 |    63 |    83 |    19 |    10 ||   225
         Poisonous Vapours |     7 |    29 |    42 |    79 |     6 ||   163
         Mephitic Cloud    |       |       |    27 |    66 |    10 ||   103
         Freeze            |       |       |    11 |    15 |    10 ||    36
         Frozen Ramparts   |       |       |     6 |    64 |    21 ||    91
         Olgreb's Toxic Ra |       |       |     3 |    49 |    20 ||    72
         Hailstorm         |       |       |       |    37 |    40 ||    77
 Invoke: Reject Sacrifices |       |       |       |     2 |       ||     2
         Sacrifice a Hand  |       |       |       |     1 |       ||     1
         Sacrifice Experie |       |       |       |     1 |       ||     1
         Draw Out Power    |       |       |       |     3 |     1 ||     4
         Sacrifice Skill   |       |       |       |       |     1 ||     1
Ability: Spit Poison       |     1 |     2 |     1 |     1 |       ||     5
  Evoke: Wand              |       |       |     7 |    16 |     1 ||    24
         Condenser vane    |       |       |       |     3 |       ||     3
         Tin of tremorston |       |       |       |     1 |       ||     1
    Use: Potion            |     1 |     2 |     4 |     6 |     2 ||    15
         Scroll            |     6 |     4 |    10 |    12 |     1 ||    33
   Stab: Sleeping          |       |     2 |       |     3 |     2 ||     7
         Confused          |       |       |     9 |    43 |    10 ||    62
         Invisible         |       |       |       |    10 |     2 ||    12
         Paralysed         |       |       |       |     5 |    13 ||    18
         Distracted        |       |       |       |     3 |     2 ||     5
 Armour: Robe              |    14 |    55 |    44 |   248 |    98 ||   459
         Leather armour    |       |       |    28 |   101 |       ||   129
         Skin              |       |       |     1 |       |       ||     1
  Dodge: Dodged            |    54 |   103 |   149 |   413 |   162 ||   881

Table legend: (Time is in decaauts)
 A = Elapsed time spent in this place.
 B = Non-inter-level travel time spent in this place.
 C = Inter-level travel time spent in this place.
 D = Time resting spent in this place.
 E = Time spent auto-exploring this place.
 F = Levels seen in this place.
 G = Mean time per level.
                   A        B        C        D        E       F      G
               +--------+--------+--------+--------+--------+-----+--------+
         Total |  29235 |  27707 |   1528 |   2511 |  19864 |  19 | 1538.7 |
       Dungeon |  17861 |  16957 |    904 |   1727 |  12122 |  11 | 1623.7 |
        Temple |    513 |    312 |    201 |      0 |    296 |   1 |  513.0 |
          Lair |   9888 |   9477 |    411 |    784 |   6750 |   5 | 1977.6 |
  Orcish Mines |    970 |    960 |     10 |      0 |    694 |   2 |  485.0 |
               +--------+--------+--------+--------+--------+-----+--------+

Top non-repeatable levels by time:
  Lair:5: 2804 daAuts
  Lair:4: 2652 daAuts
    D:10: 2265 daAuts
     D:9: 1942 daAuts
    D:11: 1868 daAuts
     D:1: 1843 daAuts
     D:8: 1691 daAuts
     D:5: 1625 daAuts
  Lair:2: 1625 daAuts
  Lair:1: 1623 daAuts
     D:3: 1573 daAuts
     D:6: 1415 daAuts
     D:7: 1332 daAuts
  Lair:3: 1183 daAuts
     D:4: 1169 daAuts
